 Dungeon Crawl Stone Soup version 0.26.1-2-gb8aa6d0cf2 (webtiles) character file.

Game seed: 14258575564966770338

2022 PentaManta the Slinger (level 9, -2/51 (55) HPs)
             Began as a Halfling Abyssal Knight on Feb 10, 2021.
             Was an Elder of Lugonu.
             Shot with a sling bullet by Joseph (12 damage)
             ... on level 6 of the Dungeon.
             The game lasted 00:16:35 (7489 turns).

PentaManta the Slinger (Halfling Abyssal Knight)    Turns: 7489, Time: 00:16:36

HP:   -2/51 (55)    AC: 18    Str: 16    XL:     9   Next: 47%
MP:   14/14         EV: 12    Int: 10    God:    Lugonu [****..]
Gold: 117           SH:  0    Dex: 18    Spells: 8/8 levels left

rFire    . . .     SeeInvis .   L - +9 mace of Slow Death {protect, rPois Dex+4}
rCold    + . .     Faith    .   (shield restricted)
rNeg     . . .     Spirit   .   A - +1 scale mail {rC+}
rPois    +         Reflect  .   C - +0 helmet
rElec    .         Harm     .   (no cloak)
rCorr    .         Rampage  .   i - +2 pair of gloves
Will     .....                  (no boots)
Stlth    ..........             m - amulet of regeneration
HPRegen  0.57/turn              s - ring of poison resistance
MPRegen  0.14/turn              (no ring)

@: protection aura, drained
A: small, mutation resistance 1
a: Renounce Religion, Depart the Abyss, Bend Space, Banish, Corrupt


You were on level 6 of the Dungeon.
You worshipped Lugonu.
Lugonu was greatly pleased with you.
You visited 1 branch of the dungeon, and saw 7 of its levels.
You visited the Abyss 1 time.
You also visited: Sewer.

You collected 301 gold pieces.
You spent 184 gold pieces at shops.

Inventory:

Hand Weapons
 a - a +5 scimitar
 h - a +2 antimagic war axe
 u - a +0 hunting sling
 G - a +2 dagger of holy wrath
 L - the +9 mace of Slow Death (weapon) {protect, rPois Dex+4}
   (You bought it in a shop on level 4 of the Dungeon)

   It grants its wielder temporary protection when it strikes (+7 to AC).
   It affects your dexterity (+4).
   It protects you from poison.
Missiles
 e - 144 stones
 p - 6 boomerangs
 r - 20 poisoned darts (quivered)
 v - 21 sling bullets
Armour
 i - a +2 pair of gloves (worn)
 n - a +0 chain mail
 A - a +1 scale mail of cold resistance (worn)
 C - a +0 helmet (worn)
Jewellery
 m - an amulet of regeneration (around neck)
 s - a ring of poison resistance (left hand)
Wands
 x - a wand of flame (15)
 H - a wand of paralysis (9)
Scrolls
 c - 2 scrolls of remove curse
 f - 2 scrolls of blinking
 g - 7 scrolls of identify
 q - 3 scrolls of magic mapping {unknown}
 w - a scroll of noise {unknown}
 B - 4 scrolls of enchant armour {unknown}
 F - a scroll of enchant weapon {unknown}
 I - a scroll of teleportation
 J - a scroll of random uselessness {unknown}
 K - a scroll of fear {unknown}
Potions
 b - 2 potions of haste {unknown}
 d - a potion of invisibility {unknown}
 j - 2 potions of might
 k - a potion of curing
 o - 7 potions of magic
 t - 2 potions of brilliance {unknown}
 z - a potion of heal wounds {unknown}
 E - 2 potions of flight {unknown}


   Skills:
 - Level 2.6 Fighting
 * Level 8.2 Axes
 * Level 8.4 Slings
 - Level 2.1 Armour
 - Level 1.1 Dodging
 + Level 7.2 Invocations


You had 8 spell levels left.
You didn't know any spells.
Your spell library contained the following spells:

 Spells                   Type           Power        Failure   Level
 Beastly Appendage        Tmut           0%           80%         1
 Corona                   Hex            0%           80%         1
 Ensorcelled Hibernation  Hex/Ice        0%           91%         2
 Wereblood                Tmut           0%           91%         2
 Confusing Touch          Hex            0%           99%         3
 Dazzling Flash           Conj/Hex       0%           99%         3
 Spider Form              Tmut/Pois      0%           99%         3
 Tukima's Dance           Hex            0%           99%         3
 Ice Form                 Ice/Tmut       0%           100%        4
 Blade Hands              Tmut           0%           100%        5


Dungeon Overview and Level Annotations

Branches:
Dungeon (7/15)              Sewer (visited)
 Temple: D:4-7

Altars:
Cheibriados
Fedhas
Okawaru
Qazlal
Trog
Vehumet

Shops:
D:4 (

Annotations:
D:6 Joseph


Innate Abilities, Weirdness & Mutations

You are small and have problems with some larger weapons.
You are somewhat resistant to further mutation.


Message History

The wight closely misses you. Joseph misses you.
You climb upwards.
There is a stone staircase leading down here.
Unknown command.
You closely miss Joseph.
Joseph is lightly wounded.
The wight hits you but does no damage.
Joseph hits you with a cursed +0 hunting sling!
You hit Joseph.
Your weapon exudes an aura of protection.
Joseph is lightly wounded.
The wight hits you with a +3 trident of freezing!
* * * LOW HITPOINT WARNING * * *
The wight freezes you.
* * * LOW HITPOINT WARNING * * *
Joseph hits you with a cursed +0 hunting sling.
* * * LOW HITPOINT WARNING * * *
The wight barely misses you.
Joseph shoots a sling bullet.
The sling bullet hits you!
You die...

### #.#### #########
#....# #.......# #.##.#
#.@.....#
#.##.##########>......#
#.............@z......#
####.##########.......#
#.#...........88...#
#...########.......#
#####..# #....PP.#
###......### ##..8.8##
....####...## #######
.....#####..#####
.......####.....#


You could see Joseph and a wight.

Vanquished Creatures
  3 ogres
  A black bear (D:7)
  An ice beast (D:6)
  2 centaurs (D:5)
  3 bullfrogs
  3 scorpions
  A jelly (D:3)
  2 wights (D:6)
  A centaur zombie (D:6)
  2 bullfrog zombies
  3 hounds
  A gnoll shaman (D:7)
  An iguana (D:5)
  5 orc wizards
  4 worker ants
  A killer bee zombie (D:6)
  A hound skeleton (D:6)
  A worker ant zombie (D:6)
  9 gnolls
  11 adders
  A white imp (D:6)
  3 oozes
  An adder zombie (D:5)
  3 worms
  2 dart slugs
  12 leopard geckos
  20 orcs
  6 bats (D:1)
  11 giant cockroaches
  7 goblins
  9 hobgoblins
  A quokka (D:6)
  5 ball pythons
  7 frilled lizards
  A giant cockroach zombie (D:5)
  A jackal zombie (D:6)
  3 kobolds
  A leopard gecko skeleton (D:4)
  A quokka skeleton (D:4)
  2 quokka zombies
  7 rats
160 creatures vanquished.

Vanquished Creatures (others)
  2 withered plants (D:6)
2 creatures vanquished.

Grand Total: 162 creatures vanquished

Notes
Turn   | Place    | Note
-------+----------+-------------------------------------------
     0 | Abyss:1  | PentaManta the Halfling Abyssal Knight began the quest for
                  | the Orb.
     0 | Abyss:1  | Reached XP level 1. HP: 15/15 MP: 2/2
   129 | Abyss:1  | Noticed an angel
   138 | D:1      | Escaped the Abyss
   198 | D:1      | Reached * piety under Lugonu
   206 | D:1      | Reached XP level 2. HP: 12/20 MP: 3/3
   718 | D:1      | Reached XP level 3. HP: 23/25 MP: 4/4
  1356 | D:1      | You fall into a shaft and drop 1 floor!
  1359 | D:2      | Found a bloodstained altar of Trog.
  1521 | D:2      | Reached XP level 4. HP: 18/30 MP: 6/6
  1959 | D:2      | Reached XP level 5. HP: 22/35 MP: 7/7
  2862 | D:3      | Reached skill level 1 in Slings
  3200 | D:4      | Reached ** piety under Lugonu
  3201 | D:4      | Found a glowing drain.
  3222 | Sewer    | Entered a sewer
  3387 | Sewer    | Reached XP level 6. HP: 35/41 MP: 9/9
  3800 | D:3      | Found an iron altar of Okawaru.
  3829 | D:3      | Reached XP level 7. HP: 37/45 MP: 3/10
  4075 | D:4      | Reached skill level 5 in Slings
  4075 | D:4      | Reached skill level 5 in Invocations
  4213 | D:4      | Reached *** piety under Lugonu
  4348 | D:5      | Entered Level 5 of the Dungeon
  4454 | D:4      | Reached skill level 5 in Axes
  4705 | D:4      | Reached XP level 8. HP: 40/51 MP: 4/12
  4724 | D:4      | Found Moenyoh's Antique Weapon Boutique.
  5193 | D:3      | Found a snail-covered altar of Cheibriados.
  6669 | D:6      | Reached XP level 9. HP: 42/55 MP: 4/13
  6716 | D:6      | Reached **** piety under Lugonu
  7190 | D:4      | Bought a shimmering mace for 184 gold pieces
  7190 | D:4      | Identified the +9 mace of Slow Death {protect, rPois Dex+4}
                  | (You bought it in a shop on level 4 of the Dungeon)
  7306 | D:7      | Found a stormy altar of Qazlal.
  7309 | D:7      | Found a blossoming altar of Fedhas.
  7337 | D:7      | Found a radiant altar of Vehumet.
  7445 | D:7      | Noticed Joseph
  7489 | D:6      | Shot with a sling bullet by Joseph

Illustrated notes

Levels and vault maps discovered:
D:1:      minmay_arrival_diagonal_passages, layout_rooms, st_stairs_12
D:2:      layout_loops_corners, bloody_trog
D:3:      layout_basic, lemuel_doored_altar, kennysheep_nondescript,
          okawaru_ov_weapons_minmay
D:4:      layout_rooms, portal_sewer_entry_f, serial_shops, shop,
          mrwooster_statue_mirror
D:5:      layout_loops_ring
D:6:      layout_rooms, serial_undead, serial_undead_c, serial_undead_d,
          serial_undead_c, serial_undead_d, dk_rats_in_the_wall
D:7:      layout_cave_pools, grunt_temple_overflow_forces_of_nature,
          chequers_temple_overflow_statue_of_worship, lemuel_round_altar,
          minmay_temple_entry_from_below_a, gammafunk_ghost_smash, uniq_joseph

Skill      XL: |  1  2  3  4  5  6  7  8  9 |
---------------+----------------------------+-----
Axes           | 3 4 5 7 8 |  8.2
Invocations    | 3 4 5 6 7 |  7.2
Slings         | 2 4 5 6 8 |  8.4
Fighting       | |  2.6
Armour         | |  2.1
Dodging        | |  1.1

Action                   |  1- 3 |  4- 6 |  7- 9 || total
-------------------------+-------+-------+-------++-------
Melee: Hand axe          |    54 |   156 |       ||   210
       Dagger            |    94 |    51 |       ||   145
       War axe           |       |    17 |   206 ||   223
       Mace              |       |       |    35 ||    35
 Fire: Hunting sling     |       |       |   139 ||   139
Throw: Dart              |       |       |     4 ||     4
Invok: Depart the Abyss  |     1 |       |       ||     1
       Bend Space        |       |     1 |       ||     1
       Banish            |       |       |     1 ||     1
  Use: Potion            |       |     3 |       ||     3
       Scroll            |       |     7 |     1 ||     8
Armor: Leather armour    |    42 |       |       ||    42
       Ring mail         |    20 |    94 |       ||   114
       Scale mail        |       |    11 |   127 ||   138
Dodge: Dodged            |   138 |   175 |   201 ||   514
